General information
- name: BNet
- type: Ladder 1vs1/FFA
- host: Battle.net
- saver: RedSnappleSushi
map: MeltingValley
- players: 2
- length: 18:18
- speed: Fast
- version: 1.26 W3XP
- replay type: Public
» download(50 KB)
Players
team 1 (loser)
Moogul (
yellow | 31 APM | 566 actions | 18:16)
2 Mountain King
1 Thunder Clap
1 Bash
» actions
| Assign group hotkey | 16 | |
| Basic commands | 8 | |
| Build / train | 51 | |
| Enter build submenu | 14 | |
| Enter hero's abilities submenu | 2 | |
| Right click | 166 | |
| Select / deselect | 156 | |
| Select group hotkey | 114 | |
| Use ability | 39 | |
566 total
» units
| Peasant | 17 | |
| Footman | 4 | |
| Rifleman | 11 | |
| Mortar Team | 3 | |
35 total
» upgrades
| Defend | 1 | |
| Long Rifles | 1 | |
| Gunpowder | 2 | |
4 total
» buildings
| Altar of Kings | 1 | |
| Farm | 4 | |
| Barracks | 1 | |
| Arcane Vault | 1 | |
| Scout Tower | 3 | |
| Blacksmith | 1 | |
| Arcane Tower | 1 | |
| Keep | 1 | |
| Lumber Mill | 1 | |
| Guard Tower | 2 | |
| Workshop | 1 | |
17 total
» build order
00:11 Altar of Kings
00:15 Farm
00:18 Barracks
00:48 Farm
01:37 Farm
02:07 Arcane Vault
02:24 Scout Tower
02:44 Blacksmith
03:07 Arcane Tower
03:13 Farm
05:45 Keep
06:25 Lumber Mill
09:46 Scout Tower
10:37 Guard Tower
10:48 Scout Tower
11:24 Guard Tower
14:53 Workshop
» items
| Scroll of Regeneration | 2 | |
| Lesser Clarity Potion | 2 | |
| Potion of Mana | 1 | |
5 total
team 2 (winner)
RedSnappleSushi (
green | 69 APM | 1259 actions | 18:18)
4 Archmage
2 Blizzard
2 Brilliance Aura
3 Blood Mage
2 Flame Strike
1 Siphon Mana
1 Goblin Tinker
1 Pocket Factory
» actions
| Assign group hotkey | 40 | |
| Basic commands | 31 | |
| Build / train | 91 | |
| Enter build submenu | 36 | |
| Enter hero's abilities submenu | 8 | |
| Give item / drop item | 10 | |
| Right click | 554 | |
| Select / deselect | 222 | |
| Select group hotkey | 156 | |
| Use ability | 111 | |
1259 total
» units
» upgrades
| Masonry | 2 | |
| Sorceress Training | 2 | |
| Magic Sentry | 1 | |
5 total
» buildings
| Altar of Kings | 1 | |
| Farm | 7 | |
| Arcane Vault | 2 | |
| Lumber Mill | 1 | |
| Scout Tower | 17 | |
| Arcane Tower | 6 | |
| Town Hall | 1 | |
| Guard Tower | 7 | |
| Keep | 1 | |
| Castle | 1 | |
| Arcane Sanctum | 3 | |
47 total
» build order
00:07 Altar of Kings
00:23 Farm
00:41 Farm
00:55 Arcane Vault
01:05 Lumber Mill
01:20 Scout Tower
02:16 Farm
02:30 Farm
02:32 Arcane Tower
03:29 Scout Tower
04:12 Arcane Tower
04:14 Scout Tower
04:49 Arcane Tower
04:52 Town Hall
05:28 Scout Tower
05:31 Scout Tower
05:58 Guard Tower
06:08 Guard Tower
06:11 Scout Tower
06:12 Scout Tower
06:12 Scout Tower
06:13 Scout Tower
06:14 Scout Tower
06:25 Scout Tower
06:26 Keep
06:38 Scout Tower
07:04 Guard Tower
07:23 Guard Tower
08:31 Scout Tower
08:32 Scout Tower
08:33 Arcane Tower
08:35 Arcane Tower
09:11 Arcane Tower
09:59 Castle
10:14 Arcane Vault
10:28 Arcane Sanctum
10:32 Arcane Sanctum
10:36 Arcane Sanctum
11:14 Guard Tower
11:16 Scout Tower
11:16 Scout Tower
11:18 Farm
11:19 Farm
11:55 Guard Tower
14:56 Scout Tower
15:41 Guard Tower
17:10 Farm
» items
| Scroll of Regeneration | 5 | |
| Lesser Clarity Potion | 4 | |
| Mechanical Critter | 3 | |
| Boots of Speed | 3 | |
| Periapt of Vitality | 3 | |
| Scroll of Town Portal | 4 | |
| Staff of Teleportation | 2 | |
| Potion of Invisibility | 2 | |
| Potion of Lesser Invulnerability | 2 | |
| Scroll of Healing | 1 | |
| Potion of Healing | 4 | |
| Potion of Mana | 1 | |
| Staff of Sanctuary | 1 | |
| Orb of Fire | 1 | |
36 total
Chat log
(12:36 / All) Moogul: bah, sry dont have time for a tower game....
(12:39 / All) RedSnappleSushi: LOL
(12:42 / All) RedSnappleSushi: face-saving
(12:53 / All) RedSnappleSushi: thanks for letting me fast expand and then suiciding your units
(12:53 / All) Moogul: if that makes you feel better>
(12:59 / All) RedSnappleSushi: nice micro
(13:36 / All) RedSnappleSushi: wow youre awful
(13:37 / All) RedSnappleSushi: lol
(13:45 / All) Moogul: lol, I love how ppl are so anal.
(13:51 / All) RedSnappleSushi: i love how much ppl cry when they lose
(13:55 / All) RedSnappleSushi: now tell me you dont care
(13:57 / All) Moogul: you gotta be all elitist?
(14:05 / All) RedSnappleSushi: you gotta be all butthurt?
(14:14 / All) RedSnappleSushi: you lost because you cant play and have no strategy
(14:16 / All) Moogul: lol, ok kid. Have fun pwning
(14:17 / All) RedSnappleSushi: suck it up and leave
(14:24 / All) RedSnappleSushi: have fun crying under your bed
(14:30 / All) Moogul: thats fine? I am not saying I am good?
(14:39 / All) Moogul: so why are you so proud?
(14:44 / All) RedSnappleSushi: why are you so mad
(15:02 / All) RedSnappleSushi: btw i didnt tower until i expanded noob
(15:12 / All) Moogul: I just dont get why people gotta be a dick for winning? Its sad.
(15:22 / All) RedSnappleSushi: i dont get why people gotta make excuses for losing
(15:23 / All) Moogul: Sore winner?
(15:27 / All) RedSnappleSushi: instead of saying "gg"
(15:30 / All) Moogul: what excuse did I make?
(15:32 / All) RedSnappleSushi: that makes you a sore loser
(15:37 / All) RedSnappleSushi: F12
(15:48 / All) Moogul: lol what excuse did I make?
(15:56 / All) RedSnappleSushi: |blah blah dont have time
(16:01 / All) RedSnappleSushi: instead of saying "im beaten gg"
(16:05 / All) RedSnappleSushi: oh and look
(16:06 / All) Moogul: thats not an excuse?
(16:07 / All) RedSnappleSushi: you're towering!
(16:12 / All) RedSnappleSushi: LOL hypocrisy
(16:15 / All) RedSnappleSushi: btw, why are you still here
(16:28 / All) RedSnappleSushi: if you admit you lost, and youre not angry
(16:31 / All) RedSnappleSushi: why styay
(16:58 / All) RedSnappleSushi: you didnt answer
(17:08 / All) Moogul: sry was busy pwning you
(17:11 / All) RedSnappleSushi: LOL
(17:16 / All) RedSnappleSushi: good job at that
(17:20 / All) Moogul: tower nubs have no skill
(17:26 / All) RedSnappleSushi: thanks i like your towers too
(17:39 / All) RedSnappleSushi: the difference between you and me is i tower when im at 50 food with expansions hoarding
(17:44 / All) RedSnappleSushi: so why are you still here again
(18:09 / All) Moogul: awsome, have fun with your life. Your a miserable peice of shit, who I am going to guess has no friends. Good luck meeting
(18:13 / All) Moogul: girls you basement dweller.
(18:14 / All) RedSnappleSushi: so mad...